 Dungeon Crawl Stone Soup version 0.31.0-12-g77e489cdc1 (webtiles) character file.

Game seed: 16021241768339158020

112 Peloso the Covered (level 4, -5/40 HPs)
             Began as a Minotaur Fighter on Feb 17, 2024.
             Killed from afar by Ijyb (23 damage)
             ... with a bolt of light
             ... on level 3 of the Dungeon.
             The game lasted 00:02:39 (2461 turns).

Peloso the Covered (Minotaur Fighter)               Turns: 2461, Time: 00:02:40

Health: -5/40      AC:  8    Str: 21    XL:     4   Next: 63%
Magic:  3/3        EV:  9    Int:  5    God:
Gold:   270        SH:  0    Dex: 11    Spells: 3/3 levels left

rFire   . . .        a - +0 long sword
rCold   . . .        d - +0 buckler
rNeg    . . .        b - +0 scale mail
rPois   .            (helmet restricted)
rElec   .            (no cloak)
rCorr   .            (no gloves)
SInv    .            c - +0 pair of boots
Will    .....        (no amulet) Stlth
                     (no ring)
HPRegen 0.26/turn    (no ring)
MPRegen 0.08/turn

%: no passive effects
@: confused
A: horns 2, retaliatory headbutt
a: no special abilities


You were on level 3 of the Dungeon.
You visited 1 branch of the dungeon, and saw 3 of its levels.

You collected 270 gold pieces.

Inventory:

Hand Weapons
 a - a +0 long sword (weapon)
Missiles
 l - a throwing net (quivered)
Armour
 b - a +0 scale mail (worn)
 c - a +0 pair of boots (worn)
 d - a +0 buckler (worn)
Scrolls
 e - 6 scrolls of identify {unknown}
 f - a scroll of blinking {unknown}
 g - a scroll of fear {unknown}
 h - a scroll of poison {unknown}
 k - a scroll of silence {unknown}
 o - a scroll of teleportation {unknown}
Potions
 i - a potion of might
 j - 2 potions of attraction {unknown}
 m - a potion of magic {unknown}
 n - a potion of degeneration {unknown}


   Skills:
 + Level 4.2 Fighting
 + Level 4.0 Long Blades
 + Level 4.4 Armour
 + Level 0.5 Dodging
 + Level 0.4 Stealth
 + Level 4.3 Shields


You had 3 spell levels left.
You didn't know any spells.
Your spell library contained the following spells:

 Spells                   Type           Power      Damage    Failure   Level
 Shock                    Conj/Air       0%         1d3       86%         1
 Swiftness                Air            0%         N/A       99%         3
 Airstrike                Air            0%         2d(0-16)  100%        4


Dungeon Overview and Level Annotations

Branches:
Dungeon (3/15)

Altars:
Dithmenos
Kikubaaqudgha
Uskayaw

Shops:
D:1 [

Annotations:
D:2 1 runed translucent door, Crazy Yiuf
D:3 Ijyb


Innate Abilities, Weirdness & Mutations

You have a pair of horns on your head.
You reflexively headbutt those who attack you in melee.


Message History

Ijyb the Twisted Goblin comes into view.
She is wielding a +0 dagger and carrying a wand of light.
Ijyb shouts!
Ijyb is nearby!
Ijyb is nearby!
Unknown command.
Ijyb zaps a wand.
The bolt of light hits you!
You are confused.
You feel less confused. Ijyb barely misses you.
You barely miss Ijyb. You headbutt Ijyb, but do no damage.
Ijyb hits you but does no damage.
You hit Ijyb.
Ijyb is lightly wounded.
Ijyb hits you but does no damage.
You slash Ijyb!
Ijyb is heavily wounded.
Ijyb hits you but does no damage. You block Ijyb's attack.
You closely miss Ijyb. Your headbutt misses Ijyb.
Ijyb is heavily wounded.
Ijyb zaps a wand.
The bolt of light hits you!
You hit Ijyb but do no damage.
Ijyb is heavily wounded.
Ijyb closely misses you.
You completely miss Ijyb.
Ijyb is heavily wounded.
Ijyb zaps a wand.
The bolt of light hits you.
You are confused.
You hit Ijyb but do no damage.
Ijyb is heavily wounded.
Ijyb barely misses you. Ijyb hits you but does no damage.
You closely miss Ijyb. You headbutt Ijyb!
Ijyb is severely wounded.
You feel less confused. You block Ijyb's attack.
You hit Ijyb but do no damage. Your headbutt misses Ijyb.
Ijyb is severely wounded.
Ijyb zaps a wand.
The bolt of light hits you!!
You are confused.
Ouch! That really hurt!
You die...

#.# ##.##...#
#.###.#...#.#
##.#####.##...# ..##
#.#.#.#.#
.......#.##.<.# #.#
#...#...#
##.###.#.##...####.#
######### #.#
#.#.##........
#.###.#......####
#............##
###########)..#####.###
#.#...@g......
##.#.######### ##.##
###


You could see Ijyb.

Vanquished Creatures
  Robin (D:2)
  3 adders
  A dart slug (D:2)
  A ribbon worm (D:2)
  3 orcs (D:3)
  4 ball pythons
  3 bat zombies (D:3)
  4 endoplasms
  2 giant cockroaches
  16 goblins
  4 hobgoblins
  3 jackals
  3 bats
  4 frilled lizards
  2 frilled lizard zombies (D:3)
  5 kobolds
  6 rats
65 creatures vanquished.

Notes
Turn   | Place    | Note
-------+----------+-------------------------------------------
     0 | D:1      | Peloso the Minotaur Fighter began the quest for the Orb.
     0 | D:1      | Reached XP level 1. HP: 19/19 MP: 0/0
   185 | D:1      | Reached XP level 2. HP: 24/27 MP: 1/1
   631 | D:1      | Found Romitz's Armour Shop.
   971 | D:2      | Found a runed translucent door.
   972 | D:2      | Noticed Crazy Yiuf
  1090 | D:2      | Reached XP level 3. HP: 33/33 MP: 2/2
  1130 | D:2      | Noticed Robin
  1150 | D:2      | Killed Robin
  1437 | D:2      | Reached XP level 4. HP: 40/40 MP: 3/3
  1825 | D:3      | Found a hide-covered altar of Uskayaw.
  2045 | D:3      | Found a shadowy altar of Dithmenos.
  2286 | D:3      | Found an ancient bone altar of Kikubaaqudgha.
  2445 | D:3      | Noticed Ijyb
  2461 | D:3      | Killed from afar by Ijyb

Illustrated notes

Levels and vault maps discovered:
D:1:      dpeg_arrival_brainrot, layout_loops_ring, serial_shops, shop,
          minivault_11
D:2:      layout_loops_ring, uniq_robin, uniq_crazy_yiuf_cottage
D:3:      layout_loops_ring, grunt_dithmenos_smoke_and_mirrors,
          lemuel_zombie_altar_kikubaaqudgha, amcnicky_altar_gilded,
          serial_glass, glass_columns_c, glass_columns_c, nrook_campfire,
          bh_walls_and_bars, uniq_ijyb

Skill      XL: |  1  2  3  4 |
---------------+-------------+-----
Fighting       | 4 |  4.2
Shields        | 4 |  4.3
Armour         | 4 |  4.4
Long Blades    | 3 4 |  4.0
Dodging        | |  0.5
Stealth        | |  0.4

Action                     |  1- 3 |  4- 6 || total
---------------------------+-------+-------++-------
  Melee: Long sword        |    74 |    50 ||   124
         Headbutt          |     7 |     7 ||    14
 Armour: Scale mail        |    66 |    35 ||   101
  Dodge: Dodged            |    47 |    15 ||    62
  Block: Buckler           |    23 |    13 ||    36
